 Dungeon Crawl Stone Soup version 0.26.0-8-g74fc34ddfb (webtiles) character file.

Game seed: 6466013197491710359

63 denis1488 the Skirmisher (level 4, -1/33 HPs)
             Began as an Octopode Transmuter on Jan 12, 2021.
             Slain by a kobold
             ... wielding a +0 short sword
              (6 damage)
             ... on level 3 of the Dungeon.
             The game lasted 00:01:07 (2191 turns).

denis1488 the Skirmisher (Octopode Transmuter)      Turns: 2191, Time: 00:01:08

Health: -1/33      AC:  1    Str:  9    XL:     4   Next: 9%
Magic:  7/7        EV: 13    Int: 22    God:
Gold:   68         SH:  0    Dex: 12    Spells: 3/7 levels left

rFire    . . .     SeeInvis .     - Unarmed
rCold    . . .     Faith    .   (no shield)
rNeg     . . .     Spirit   .   (helmet restricted)
rPois    .         Reflect  .   (no amulet)
rElec    .         Harm     .   g - +6 ring of intelligence
rCorr    .         Rampage  .   (no ring)
Will     .....                  (no ring)
Stlth    ++........             (no ring)
HPRegen  0.11/turn              (no ring)
MPRegen  0.10/turn              (no ring)
                                (no ring)
                                (no ring)

@: no status effects
A: almost no armour, stealthy swim, amphibious, 8 rings, constrict 8, camouflage
1, gelatinous body 1
a: no special abilities


You were on level 3 of the Dungeon.
You visited 1 branch of the dungeon, and saw 3 of its levels.

You collected 68 gold pieces.

Inventory:

Jewellery
 g - a +6 ring of intelligence (left tentacle)
 m - an uncursed ring of see invisible {unknown}
 n - a cursed amulet of inaccuracy {unknown}
Scrolls
 b - a scroll of identify {unknown}
 c - a scroll of amnesia {unknown}
 d - 2 scrolls of remove curse {unknown}
 e - 4 scrolls of magic mapping {unknown}
 f - 2 scrolls of teleportation {unknown}
 l - a scroll of random uselessness {unknown}
Potions
 a - 3 potions of curing {unknown}
 h - a potion of flight {unknown}
 i - a potion of lignification {unknown}
 j - a potion of brilliance {unknown}
 k - 5 potions of might {unknown}


   Skills:
 + Level 3.8 Fighting
 - Level 2.0 Dodging
 - Level 3.0 Unarmed Combat
 - Level 2.0 Spellcasting
 - Level 2.0 Transmutations


You had 3 spell levels left.
You knew the following spells:

 Your Spells              Type           Power        Failure   Level
a - Beastly Appendage     Tmut           22%          6%          1
b - Spider Form           Tmut/Pois      3%           26%         3

Your spell library contained the following spells:

 Spells                   Type           Power        Failure   Level
 Wereblood                Tmut           11%          9%          2
 Ice Form                 Ice/Tmut       6%           65%         4
 Blade Hands              Tmut           5%           86%         5


Dungeon Overview and Level Annotations

Branches:
Dungeon (3/15)

Altars:


Innate Abilities, Weirdness & Mutations

You cannot wear most types of armour.
You are very stealthy in the water. (Stealth+)
You are amphibious.
You can wear up to eight rings at the same time.
You can use your tentacles to constrict eight enemies at once.
Your skin changes colour to match your surroundings (Stealth+).
Your rubbery body absorbs attacks. (AC +1, EV +1)


Message History

You are too injured to fight recklessly!
You are too injured to fight recklessly!
You tentacle-slap the adder.
The adder is almost dead.
You constrict the adder. The adder closely misses you.
The goblin hits you but does no damage.
The kobold hits you with a +0 short sword.
* * * LOW HITPOINT WARNING * * *
Unknown command.
You tentacle-slap the adder.
You kill the adder!
The goblin misses you.
The kobold hits you with a +0 short sword.
* * * LOW HITPOINT WARNING * * *
You have reached level 4!
The goblin barely misses you.
There is a stone staircase leading up here.
The goblin closely misses you.
The kobold hits you with a +0 short sword.
You die...

#.# #.# #.
.$.
#...###.##
#........#
##..####
#..†...#
#gK.##....
#@#..# ###
#....#
...#...#
#.#####...
#. .## ##
#


You could see a goblin and a kobold.

Vanquished Creatures
  Jessica (D:2)
  An adder (D:3)
  An ooze (D:1)
  A leopard gecko (D:2)
  4 bats
  A giant cockroach (D:1)
  A goblin (D:2)
  A hobgoblin (D:1)
  2 jackals (D:3)
  A ball python (D:1)
  3 frilled lizards
  4 kobolds
  2 rats
23 creatures vanquished.

Notes
Turn   | Place    | Note
-------+----------+-------------------------------------------
     0 | D:1      | denis1488 the Octopode Transmuter began the quest for the
                  | Orb.
     0 | D:1      | Reached XP level 1. HP: 13/13 MP: 3/3
   258 | D:1      | Reached XP level 2. HP: 13/19 MP: 5/5
  1596 | D:2      | Noticed Jessica
  1599 | D:2      | Killed Jessica
  1600 | D:2      | Reached XP level 3. HP: 26/26 MP: 6/6
  1654 | D:2      | Learned a level 3 spell: Spider Form
  2188 | D:3      | Reached XP level 4. HP: 4/33 MP: 7/7
  2191 | D:3      | Slain by a kobold

Illustrated notes

Levels and vault maps discovered:
D:1:      dpeg_arrival_boxorama, layout_basic
D:2:      layout_basic, uniq_jessica
D:3:      layout_loops_ring

Skill      XL: |  1  2 |
---------------+-------+-----
Fighting       | 2 3 |  3.8
Dodging        | |  2.0
Unarmed Combat | |  3.0
Spellcasting   | |  2.0
Transmutations | |  2.0

Action                   |  1- 3 |  4- 6 || total
-------------------------+-------+-------++-------
Melee: Unarmed           |    58 |       ||    58
       Constrict         |    17 |       ||    17
       Tentacles         |    12 |       ||    12
       Punch             |     3 |       ||     3
 Stab: Sleeping          |     8 |       ||     8
Armor: Skin              |     9 |       ||     9
Dodge: Dodged            |    27 |     2 ||    29
